% Time on Ice - SAN DIEGO THUNDER
Lines # - Real PCT - Wanted PCT - Time Play
Normal Forward
1 - 39% - 36% - 16:24
2 - 35% - 32% - 14:33
3 - 23% - 24% - 9:31
4 - 4% - 8% - 1:33
Normal Defense
1 - 35% - 36% - 14:31
2 - 27% - 31% - 11:23
3 - 33% - 18% - 13:58
4 - 5% - 15% - 2:09
PP Forward
1 - 61% - 55% - 1:13
2 - 39% - 45% - 0:46
PP Defense
1 - 61% - 55% - 1:13
2 - 39% - 45% - 0:46
PK Forward
1 - 57% - 55% - 9:08
2 - 43% - 45% - 6:52
PK Defense
1 - 47% - 55% - 7:32
2 - 53% - 45% - 8:28
PK3 Forward
1 - 0% - 55%
2 - 0% - 45%
PK3 Defense
1 - 0% - 55%
2 - 0% - 45%
44 Forward
1 - 0% - 55%
2 - 0% - 45%
44 Defense
1 - 0% - 55%
2 - 0% - 45%
Last Minute Offensive  - 0:00
Last Minute Defensive  - 0:00
Total
Forward - 60:00
Defense - 60:00
% Time on Ice - SASKATOON DUCKS
Lines # - Real PCT - Wanted PCT - Time Play
Normal Forward
1 - 34% - 34% - 14:09
2 - 34% - 32% - 14:14
3 - 30% - 26% - 12:48
4 - 2% - 8% - 0:50
Normal Defense
1 - 37% - 42% - 15:33
2 - 33% - 35% - 13:40
3 - 30% - 23% - 12:48
4 - 0% - 0% - 0:00
PP Forward
1 - 48% - 50% - 7:45
2 - 52% - 50% - 8:15
PP Defense
1 - 52% - 50% - 8:15
2 - 48% - 50% - 7:45
PK Forward
1 - 63% - 55% - 1:15
2 - 37% - 45% - 0:44
PK Defense
1 - 86% - 55% - 1:42
2 - 14% - 45% - 0:17
PK3 Forward
1 - 0% - 55%
2 - 0% - 45%
PK3 Defense
1 - 0% - 55%
2 - 0% - 45%
44 Forward
1 - 0% - 55%
2 - 0% - 45%
44 Defense
1 - 0% - 55%
2 - 0% - 45%
Last Minute Offensive  - 0:00
Last Minute Defensive  - 0:00
Total
Forward - 60:00
Defense - 60:00
Play-by-Play 1st period 0:01 of 1st period - Ryan Strome wins face-off versus Logan Couture in neutral zone. 0:34 of 1st period - Minor Penalty to Mark Borowiecki for Holding. 0:35 of 1st period - Jean-Gabriel Pageau wins face-off versus Dylan Strome in SAN DIEGO THUNDER zone. 1:13 of 1st period - Shot by Artemi Panarin. 1:13 of 1st period - Stopped by Connor Hellebuyck without a rebound. 1:14 of 1st period - Jean-Gabriel Pageau wins face-off versus Joe Thornton in SAN DIEGO THUNDER zone. 1:29 of 1st period - Shot by Ryan Strome. 1:29 of 1st period - Shot Blocked by Charles McAvoy. 1:31 of 1st period - Shot by Joe Thornton. 1:31 of 1st period - Shot Blocked by Charles McAvoy. 1:33 of 1st period - Shot by Ryan McDonagh. 1:33 of 1st period - Shot Blocked by Charles McAvoy. 2:12 of 1st period - Icing by Ryan Strome. 2:13 of 1st period - Jean-Gabriel Pageau wins face-off versus Kailer Yamamoto in SASKATOON DUCKS zone. 2:25 of 1st period - Icing by Ryan McDonagh. 2:26 of 1st period - Joe Thornton wins face-off versus Drake Batherson in SASKATOON DUCKS zone. 2:38 of 1st period - Shot by Mark Scheifele. 2:38 of 1st period - Shot Misses the Net. 2:40 of 1st period - Shot by Michael Matheson. 2:40 of 1st period - Stopped by Jordan Binnington without a rebound. 2:41 of 1st period - Mark Scheifele wins face-off versus Dylan Strome in SASKATOON DUCKS zone. 2:42 of 1st period - Shot by Evander Kane. 2:42 of 1st period - Shot Blocked by Radko Gudas. 2:48 of 1st period - Minor Penalty to Rasmus Dahlin for Hooking. 2:49 of 1st period - Jean-Gabriel Pageau wins face-off versus Dylan Strome in SAN DIEGO THUNDER zone. 2:49 of 1st period - Jean-Gabriel Pageau is hit by William Nylander. 3:25 of 1st period - Off-side. 3:26 of 1st period - Drake Batherson wins face-off versus Joe Thornton in neutral zone. 3:34 of 1st period - Icing by Samuel Girard. 3:35 of 1st period - Drake Batherson wins face-off versus Joe Thornton in SASKATOON DUCKS zone. 4:41 of 1st period - Shot by Artemi Panarin. 4:41 of 1st period - Stopped by Connor Hellebuyck without a rebound. 4:42 of 1st period - Artemi Panarin wins face-off versus Marcus Foligno in SAN DIEGO THUNDER zone. 5:03 of 1st period - Shot by Anthony Duclair. 5:03 of 1st period - Stopped by Connor Hellebuyck with a rebound. 5:05 of 1st period - Shot by Tyler Bozak. 5:05 of 1st period - Shot Misses the Net. 5:10 of 1st period - Anthony Duclair is hit by Rasmus Dahlin and loses puck. 5:56 of 1st period - Shot by Mark Scheifele. 5:56 of 1st period - Stopped by Jordan Binnington with a rebound. 6:21 of 1st period - Shot by Evander Kane. 6:21 of 1st period - Shot Misses the Net. 7:05 of 1st period - Shot by Ryan Hartman. 7:05 of 1st period - Shot Blocked by Radko Gudas. 7:07 of 1st period - Shot by Jean-Gabriel Pageau. 7:07 of 1st period - Stopped by Jordan Binnington with a rebound. 7:09 of 1st period - Shot by Jean-Gabriel Pageau. 7:09 of 1st period - Shot Misses the Net. 7:11 of 1st period - Shot by Jean-Gabriel Pageau. 7:11 of 1st period - Shot Misses the Net. 7:31 of 1st period - Shot by David Perron. 7:31 of 1st period - Shot Blocked by Radko Gudas. 7:56 of 1st period - Shot by William Nylander. 7:56 of 1st period - Stopped by Connor Hellebuyck with a rebound. 8:04 of 1st period - Shot by Nikita Kucherov. 8:04 of 1st period - Stopped by Jordan Binnington with a rebound. 9:07 of 1st period - Ryan Strome is hit by Mark Borowiecki and loses puck. 10:36 of 1st period - Justin Holl is hit by Blake Comeau and loses puck. 11:04 of 1st period - Minor Penalty to Connor Murphy for Hooking. 11:05 of 1st period - Jean-Gabriel Pageau wins face-off versus Joe Thornton in SAN DIEGO THUNDER zone. 11:21 of 1st period - Shot by Kailer Yamamoto. 11:21 of 1st period - Shot Blocked by Jean-Gabriel Pageau. 11:23 of 1st period - Shot by Joe Thornton. 11:23 of 1st period - Deflect By Ryan Strome. 11:23 of 1st period - Stopped by Connor Hellebuyck with a rebound. 11:25 of 1st period - Shot by Ryan Strome. 11:25 of 1st period - Goal by Ryan Strome - SAN DIEGO THUNDER : 0 - SASKATOON DUCKS : 1. 11:26 of 1st period - Ryan Strome wins face-off versus Logan Couture in neutral zone. 11:35 of 1st period - Minor Penalty to Mark Borowiecki for Tripping. 11:36 of 1st period - Dylan Strome wins face-off versus Jean-Gabriel Pageau in SAN DIEGO THUNDER zone. 12:03 of 1st period - Off-side. 12:04 of 1st period - Joe Thornton wins face-off versus Jean-Gabriel Pageau in neutral zone. 13:12 of 1st period - Off-side. 13:13 of 1st period - Dylan Strome wins face-off versus Drake Batherson in neutral zone. 14:40 of 1st period - Shot by Logan Couture. 14:40 of 1st period - Shot Misses the Net. 14:50 of 1st period - Shot by Logan Couture. 14:50 of 1st period - Shot Misses the Net. 14:52 of 1st period - Shot by Nikita Kucherov. 14:52 of 1st period - Shot Misses the Net. 14:54 of 1st period - Shot by Logan Couture. 14:54 of 1st period - Deflect By Nikita Kucherov. 14:54 of 1st period - Shot Blocked by Andrej Sekera. 15:06 of 1st period - Shot by Logan Couture. 15:06 of 1st period - Stopped by Jordan Binnington without a rebound. 15:07 of 1st period - Jean-Gabriel Pageau wins face-off versus Ryan Strome in SASKATOON DUCKS zone. 15:24 of 1st period - Shot by Marcus Foligno. 15:24 of 1st period - Stopped by Jordan Binnington without a rebound. 15:25 of 1st period - Dylan Strome wins face-off versus Mark Scheifele in SASKATOON DUCKS zone. 15:50 of 1st period - Shot by Artemi Panarin. 15:50 of 1st period - Stopped by Connor Hellebuyck without a rebound. 15:51 of 1st period - Jakub Vrana wins face-off versus Jean-Gabriel Pageau in SAN DIEGO THUNDER zone. 15:57 of 1st period - Minor Penalty to Mark Borowiecki for Interference. 15:58 of 1st period - Jean-Gabriel Pageau wins face-off versus Joe Thornton in SAN DIEGO THUNDER zone. 16:03 of 1st period - Shot by Charles McAvoy. 16:03 of 1st period - Deflect By Jean-Gabriel Pageau. 16:03 of 1st period - Stopped by Jordan Binnington without a rebound. 16:04 of 1st period - Jean-Gabriel Pageau wins face-off versus Artemi Panarin in SASKATOON DUCKS zone. 16:25 of 1st period - Shot by William Nylander. 16:25 of 1st period - Stopped by Connor Hellebuyck without a rebound. 16:26 of 1st period - Joe Thornton wins face-off versus Drake Batherson in SAN DIEGO THUNDER zone. 16:37 of 1st period - Shot by Ryan Strome. 16:37 of 1st period - Stopped by Connor Hellebuyck without a rebound. 16:38 of 1st period - Drake Batherson wins face-off versus Artemi Panarin in SAN DIEGO THUNDER zone. 17:05 of 1st period - Icing by Alex Goligoski. 17:06 of 1st period - Jean-Gabriel Pageau wins face-off versus Dylan Strome in SASKATOON DUCKS zone. 17:13 of 1st period - Jean-Gabriel Pageau is hit by Dylan Strome and loses puck. 18:12 of 1st period - Shot by David Perron. 18:12 of 1st period - Stopped by Jordan Binnington without a rebound. 18:13 of 1st period - Ryan Strome wins face-off versus Mark Scheifele in SASKATOON DUCKS zone. 18:15 of 1st period - Icing by Kailer Yamamoto. 18:16 of 1st period - Kailer Yamamoto wins face-off versus Logan Couture in SASKATOON DUCKS zone. 18:40 of 1st period - Shot by Kailer Yamamoto. 18:40 of 1st period - Stopped by Connor Hellebuyck without a rebound. 18:41 of 1st period - Dylan Strome wins face-off versus Ilya Mikheyev in SAN DIEGO THUNDER zone. 19:15 of 1st period - Shot by William Nylander. 19:15 of 1st period - Shot Misses the Net. Goals for this period are 0 for SAN DIEGO THUNDER vs 1 for SASKATOON DUCKS. Shots for this period are 8 for SAN DIEGO THUNDER vs 10 for SASKATOON DUCKS. 2nd period 0:01 of 2nd period - Jean-Gabriel Pageau wins face-off versus Ryan Strome in neutral zone. 0:18 of 2nd period - Shot by Kailer Yamamoto. 0:18 of 2nd period - Shot Misses the Net. 1:19 of 2nd period - William Nylander is hit by David Perron. 1:36 of 2nd period - Shot by Logan Couture. 1:36 of 2nd period - Stopped by Jordan Binnington with a rebound. 2:10 of 2nd period - Shot by Tyler Bozak. 2:10 of 2nd period - Stopped by Connor Hellebuyck without a rebound. 2:11 of 2nd period - Mark Scheifele wins face-off versus Ryan Strome in SAN DIEGO THUNDER zone. 2:30 of 2nd period - Ryan Strome is hit by Rasmus Dahlin and loses puck. 2:32 of 2nd period - Minor Penalty to Rasmus Dahlin for Holding. 2:33 of 2nd period - Joe Thornton wins face-off versus Marcus Foligno in SAN DIEGO THUNDER zone. 2:38 of 2nd period - Shot by Kailer Yamamoto. 2:38 of 2nd period - Shot Hit the Post. 2:40 of 2nd period - Shot by Kailer Yamamoto. 2:40 of 2nd period - Shot Misses the Net. 2:45 of 2nd period - Kailer Yamamoto is hit by Charles McAvoy and loses puck. 2:48 of 2nd period - Shot by Zdeno Chara. 2:48 of 2nd period - Shot Blocked by Charles McAvoy. 2:50 of 2nd period - Shot by Kailer Yamamoto. 2:50 of 2nd period - Shot Misses the Net. 2:55 of 2nd period - Kailer Yamamoto is hit by Connor Murphy and loses puck. 3:02 of 2nd period - Shot by Ryan Strome. 3:02 of 2nd period - Stopped by Connor Hellebuyck without a rebound. 3:03 of 2nd period - Jean-Gabriel Pageau wins face-off versus Dylan Strome in SAN DIEGO THUNDER zone. 3:14 of 2nd period - Shot by Artemi Panarin. 3:14 of 2nd period - Shot Misses the Net. 3:28 of 2nd period - Shot by Artemi Panarin. 3:28 of 2nd period - Stopped by Connor Hellebuyck without a rebound. 3:29 of 2nd period - Drake Batherson wins face-off versus Joe Thornton in SAN DIEGO THUNDER zone. 3:37 of 2nd period - Off-side. 3:38 of 2nd period - Jean-Gabriel Pageau wins face-off versus Dylan Strome in neutral zone. 4:38 of 2nd period - Off-side. 4:39 of 2nd period - Logan Couture wins face-off versus Ryan Strome in neutral zone. 4:52 of 2nd period - Shot by Logan Couture. 4:52 of 2nd period - Stopped by Jordan Binnington without a rebound. 4:53 of 2nd period - Mark Scheifele wins face-off versus Tyler Bozak in SASKATOON DUCKS zone. 5:10 of 2nd period - Shot by Evander Kane. 5:10 of 2nd period - Shot Blocked by Zdeno Chara. 5:15 of 2nd period - Icing by Zdeno Chara. 5:16 of 2nd period - Logan Couture wins face-off versus Tyler Bozak in SASKATOON DUCKS zone. 5:17 of 2nd period - Shot by Nikita Kucherov. 5:17 of 2nd period - Deflect By Logan Couture. 5:17 of 2nd period - Shot Misses the Net. 5:19 of 2nd period - Shot by Logan Couture. 5:19 of 2nd period - Shot Blocked by Samuel Girard. 5:21 of 2nd period - Shot by Nikita Kucherov. 5:21 of 2nd period - Shot Blocked by Samuel Girard. 5:31 of 2nd period - Icing by Rasmus Dahlin. 5:32 of 2nd period - Dylan Strome wins face-off versus Logan Couture in SAN DIEGO THUNDER zone. 5:32 of 2nd period - Dylan Strome is hit by Rasmus Dahlin. 5:39 of 2nd period - Shot by Artemi Panarin. 5:39 of 2nd period - Shot Blocked by Logan Couture. 5:41 of 2nd period - Shot by Dylan Strome. 5:41 of 2nd period - Deflect By William Nylander. 5:41 of 2nd period - Stopped by Connor Hellebuyck without a rebound. 5:42 of 2nd period - Ryan Strome wins face-off versus Jean-Gabriel Pageau in SAN DIEGO THUNDER zone. 6:26 of 2nd period - Shot by Ryan Strome. 6:26 of 2nd period - Shot Misses the Net. 6:38 of 2nd period - Shot by Artemi Panarin. 6:38 of 2nd period - Deflect By William Nylander. 6:38 of 2nd period - Shot Blocked by Mark Borowiecki. 7:20 of 2nd period - Shot by Artemi Panarin. 7:20 of 2nd period - Stopped by Connor Hellebuyck without a rebound. 7:21 of 2nd period - Tyler Bozak wins face-off versus Logan Couture in SAN DIEGO THUNDER zone. 7:44 of 2nd period - Shot by Logan Couture. 7:44 of 2nd period - Deflect By Nikita Kucherov. 7:44 of 2nd period - Stopped by Jordan Binnington without a rebound. 7:45 of 2nd period - Ryan Strome wins face-off versus Mark Scheifele in SASKATOON DUCKS zone. 7:45 of 2nd period - Ryan Strome is hit by Evander Kane. 8:25 of 2nd period - Icing by Alex Goligoski. 8:26 of 2nd period - Ryan Strome wins face-off versus Logan Couture in SASKATOON DUCKS zone. 8:26 of 2nd period - Ryan Strome is hit by David Perron. 9:19 of 2nd period - Shot by Artemi Panarin.